 Dungeon Crawl Stone Soup version 0.30-a0-859-gf88a04b62d (webtiles) character file.

Game seed: 10748236106101895680

210 Darius099 the Ruffian (level 5, -2/50 HPs)
             Began as a Troll Monk on Mar 6, 2023.
             Slain by Sigmund
             ... wielding a +1 scythe of protection
              (8 damage)
             ... on level 3 of the Dungeon.
             The game lasted 00:09:23 (1192 turns).

Darius099 the Ruffian (Troll Monk)                  Turns: 1192, Time: 00:09:24

Health: -2/50      AC:  8    Str: 19    XL:     5   Next: 56%
Magic:  4/4        EV: 10    Int:  6    God:
Gold:   148        SH:  0    Dex: 14    Spells: 4/4 levels left

rFire   . . .      SeeInvis .      - Unarmed
rCold   . . .      Faith    .    (no shield)
rNeg    . . .      Spirit   .    a - +0 robe
rPois   .          Reflect  .    (helmet restricted)
rElec   .          Rampage  .    (no cloak)
rCorr   .                        (gloves unavailable)
Will    .....                    (boots unavailable)
Stlth   ++                       (no amulet)
HPRegen 1.08/turn                c - +4 ring of protection
MPRegen 0.09/turn                (no ring)

@: no status effects
A: large, unfitting armour, claws 3, regeneration 1, shaggy fur 1, tough skin 1
a: no special abilities


You were on level 3 of the Dungeon.
You visited 1 branch of the dungeon, and saw 3 of its levels.

You collected 148 gold pieces.

Inventory:

Armour
 a - a +0 robe (worn)
Jewellery
 c - a +4 ring of protection (left claw)
Scrolls
 d - a scroll of identify {unknown}
 e - a scroll of enchant weapon {unknown}
 f - a scroll of noise {unknown}
 i - 2 scrolls of poison {unknown}
 j - 3 scrolls of vulnerability {unknown}
 k - a scroll of fear {unknown}
 m - a scroll of butterflies {unknown}
Potions
 b - a potion of ambrosia
 g - a potion of magic {unknown}
 h - a potion of curing {unknown}
 l - a potion of heal wounds {unknown}
 n - a potion of attraction {unknown}


   Skills:
 - Level 2.4 Fighting
 - Level 2.4 Dodging
 - Level 1.0 Stealth
 + Level 6.3 Unarmed Combat


You had 4 spell levels left.
You didn't know any spells.
Your spell library contained the following spells:

 Spells                   Type           Power      Damage    Failure   Level
 Stone Arrow              Conj/Erth      0%         3d7       83%         3
 Animate Armour           Summ/Erth      0%         N/A       99%         4
 Lehudib's Crystal Spear  Conj/Erth      0%         10d2      100%        8


Dungeon Overview and Level Annotations

Branches:
Dungeon (3/15)

Altars:

Shops:
D:3 (

Annotations:
D:3 Sigmund


Innate Abilities, Weirdness & Mutations

You are too large for most types of armour.
You have claws for hands.
Your natural rate of healing is unusually fast.
You are covered in fur. (AC +1)
You have tough skin. (AC +1)


Message History

You hear some strange, mumbled words.
You are confused.
You claw something! The fire bat barely misses you. Something hits you.
You bump into the rock wall.
The fire bat bites you but does no damage.
The fire bat bites you.
You are engulfed in flames.
You hear some strange, mumbled words.
Something tries to affect you, but you resist.
The fire bat bites you but does no damage.
You're too confused to move!
The fire bat bites you.
You are engulfed in flames.
Something hits you but does no damage.
You bump into the rock wall.
The fire bat closely misses you.
A magic dart appears from out of thin air!
The magic dart hits you!
* * * LOW HITPOINT WARNING * * *
You bump into the rock wall.
Something hits you!
* * * LOW HITPOINT WARNING * * *
You scratch the fire bat.
The fire bat is heavily wounded.
The fire bat bites you.
* * * LOW HITPOINT WARNING * * *
You are engulfed in flames.
* * * LOW HITPOINT WARNING * * *
The fire bat closely misses you.
You scratch the fire bat.
The fire bat is heavily wounded.
You feel less confused. The fire bat completely misses you.
You hear some strange, mumbled words.
A puff of flame appears from out of thin air!
The puff of flame misses you. The fire bat barely misses you.
You hear some strange, mumbled words.
Something tries to affect you, but you resist.
You scratch something. The fire bat bites you.
* * * LOW HITPOINT WARNING * * *
You are engulfed in flames.
* * * LOW HITPOINT WARNING * * *
Something hits you!
You die...

#..# #.##..#
#.####.#...# ##
#.##.##†#.##
.## #.##.#.####
... #.###†.###
...
#..##....###
#.#
###...###..##b#
##### ##†..#
##@## #..{#
#....## #....#
..#..# # ###


You could see a fire bat.

Vanquished Creatures
  A vampire bat (D:3)
  An orc wizard (D:3)
  An adder (D:2)
  A worm (D:2)
  A dart slug (D:2)
  A fire bat (D:3)
  4 orcs (D:3)
  6 ball pythons
  3 bat skeletons (D:3)
  A bat zombie (D:3)
  4 endoplasms
  4 giant cockroaches
  3 goblins
  6 hobgoblins
  3 quokkas
  16 bats
  4 kobolds
  8 rats
68 creatures vanquished.

Notes
Turn   | Place    | Note
-------+----------+-------------------------------------------
     0 | D:1      | Darius099 the Troll Monk began the quest for the Orb.
     0 | D:1      | Reached XP level 1. HP: 22/22 MP: 0/0
    59 | D:1      | Reached XP level 2. HP: 29/29 MP: 1/1
   270 | D:1      | Reached skill level 4 in Unarmed Combat
   415 | D:2      | Reached XP level 3. HP: 33/36 MP: 2/2
  1022 | D:3      | Reached skill level 5 in Unarmed Combat
  1022 | D:3      | Reached XP level 4. HP: 44/44 MP: 3/3
  1024 | D:3      | Found Ceaceups's Antique Weapon Shoppe.
  1120 | D:3      | Reached XP level 5. HP: 50/50 MP: 4/4
  1138 | D:3      | Noticed Sigmund
  1141 | D:3      | Reached skill level 6 in Unarmed Combat
  1192 | D:3      | Slain by Sigmund

Illustrated notes

Levels and vault maps discovered:
D:1:      psy_arrival_terrarium, layout_basic
D:2:      layout_basic
D:3:      layout_basic, mainiacjoe_overflow_large_starburst,
          hellmonk_ecumenical_altar_inner_sanctum, serial_shops, shop, shop,
          shop_statue, shop, gammafunk_ghost_grave, goddamned_bats,
          uniq_grinder, uniq_sigmund, uniq_jessica, uniq_natasha

Skill      XL: |  1  2  3  4  5 |
---------------+----------------+-----
Unarmed Combat | 4 5 6 |  6.3
Fighting       | |  2.4
Dodging        | |  2.4
Stealth        | |  1.0

Action                     |  1- 3 |  4- 6 || total
---------------------------+-------+-------++-------
  Melee: Unarmed           |   112 |    55 ||   167
         Punch             |     4 |       ||     4
   Stab: Sleeping          |     3 |     1 ||     4
 Armour: Robe              |    50 |    53 ||   103
  Dodge: Dodged            |    59 |    55 ||   114

Table legend: (Time is in decaauts)
 A = Elapsed time spent in this place.
 B = Non-inter-level travel time spent in this place.
 C = Inter-level travel time spent in this place.
 D = Time resting spent in this place.
 E = Time spent auto-exploring this place.
 F = Levels seen in this place.
 G = Mean time per level.
                   A        B        C        D        E       F      G
               +--------+--------+--------+--------+--------+-----+--------+
         Total |   1176 |   1176 |      0 |     26 |    204 |   3 |  392.0 |
       Dungeon |   1176 |   1176 |      0 |     26 |    204 |   3 |  392.0 |
               +--------+--------+--------+--------+--------+-----+--------+

Top non-repeatable levels by time:
     D:2: 603 daAuts
     D:1: 404 daAuts
     D:3: 168 daAuts
